 Dungeon Crawl Stone Soup version 0.30.1-9-gdf580d7c3d (webtiles) character file.

Game seed: 1170792314169603216

50 kingsuperguy the Ruffian (level 3, -1/28 HPs)
             Began as a Gnoll Wanderer on Sept 29, 2023.
             Was a High Priest of Ignis.
             Slain by an orc
             ... wielding a +0 whip
              (3 damage)
             ... on level 3 of the Dungeon.
             The game lasted 00:02:46 (1509 turns).

kingsuperguy the Ruffian (Gnoll Wanderer)           Turns: 1509, Time: 00:02:47

Health: -1/28      AC:  7    Str: 15    XL:     3   Next: 79%
Magic:  4/4        EV: 11    Int:  9    God:    Ignis [*****.]
Gold:   110        SH:  0    Dex: 11    Spells: 4/4 levels left

rFire   + . .        a - +1 falchion
rCold   . . .        (no shield)
rNeg    . . .        g - +0 ring mail
rPois   .            (no helmet)
rElec   .            (no cloak)
rCorr   .            i - +0 pair of gloves
SInv    .            f - +0 pair of boots
Will    .....        (no amulet)
Stlth   +            (no ring)
HPRegen 0.24/turn    (no ring)
MPRegen 0.09/turn

%: no passive effects
@: no status effects
A: fangs 1, strong nose, distributed training
a: Renounce Religion, Fiery Armour, Foxfire Swarm, Rising Flame


You were on level 3 of the Dungeon.
You worshipped Ignis.
Ignis was extremely pleased with you.
You visited 1 branch of the dungeon, and saw 3 of its levels.

You collected 110 gold pieces.

Inventory:

Hand Weapons
 a - a +1 falchion (weapon)
 n - the +7 sling "Resue" {speed, Contam *Slow Int+9 SInv}
   (You found it on level 2 of the Dungeon)

   Int:       It affects your intelligence (+9).
   SInv:      It lets you see invisible.
   Contam:    It causes magical contamination when unequipped.
   *Slow:     It may slow you when you take damage.
Armour
 e - a +0 leather armour
 f - a +0 pair of boots (worn)
 g - a +0 ring mail (worn)
 i - a +0 pair of gloves (worn)
Scrolls
 b - 2 scrolls of blinking
 d - 2 scrolls of fear
 h - a scroll of butterflies {unknown}
 l - a scroll of enchant weapon {unknown}
 m - 2 scrolls of identify {unknown}
Potions
 c - a potion of haste
 j - 2 potions of flight {unknown}
 k - a potion of mutation {unknown}
 o - a potion of heal wounds {unknown}
 p - a potion of attraction {unknown}


   Skills:
 + Level 2.6 Fighting
 + Level 1.0 Short Blades
 + Level 4.6 Long Blades
 + Level 1.0 Axes
 + Level 1.0 Maces & Flails
 + Level 1.0 Polearms
 + Level 1.0 Staves
 + Level 1.0 Ranged Weapons
 + Level 1.0 Throwing
 + Level 2.6 Armour
 + Level 2.6 Dodging
 + Level 2.4 Stealth
 + Level 1.0 Shields
 + Level 6.5 Unarmed Combat
 + Level 1.0 Spellcasting
 + Level 0.7 Conjurations
 + Level 0.7 Hexes
 + Level 0.7 Summonings
 + Level 0.7 Necromancy
 + Level 0.7 Translocations
 + Level 0.7 Transmutations
 + Level 0.7 Fire Magic
 + Level 0.7 Ice Magic
 + Level 0.7 Air Magic
 + Level 0.7 Earth Magic
 + Level 0.7 Poison Magic
 + Level 1.0 Invocations
 + Level 2.6 Evocations


You had 4 spell levels left.
You didn't know any spells.
Your spell library contained the following spells:

 Spells                   Type           Power      Damage    Failure   Level
 Sandblast                Erth           2%         2d4       47%         1
 Passwall                 Tmut/Erth      0%         N/A       63%         2
 Stone Arrow              Conj/Erth      2%         3d7       85%         3


Dungeon Overview and Level Annotations

Branches:
Dungeon (3/15)

Altars:
Ignis


Innate Abilities, Weirdness & Mutations

You have very sharp teeth.
Your uncanny sense of smell can sniff out nearby items.
Your experience applies equally to all skills.


Message History

You closely miss the orc.
The orc is moderately wounded.
The orc hits you but does no damage. The orc hits you with a +0 whip.
The orc closely misses you.
You hit the orc.
You kill the orc!
The orc closely misses you. The orc hits you with a +0 whip.
You hit the orc but do no damage. You punch the orc, but do no damage.
The orc barely misses you. The orc hits you with a +0 whip.
You hit the orc but do no damage. The orc hits you with a +0 dagger.
The orc hits you with a +0 whip.
You are too injured to fight recklessly!
You are too injured to fight recklessly!
You are too injured to fight recklessly!
You are too injured to fight recklessly!
You are too injured to fight recklessly!
You are too injured to fight recklessly!
You are too injured to fight recklessly!
You barely miss the orc. The orc hits you but does no damage.
The orc barely misses you.
You hit the orc. Your bite misses the orc.
The orc is almost dead.
The orc hits you with a +0 dagger. The orc hits you but does no damage.
You hit the orc.
You kill the orc!
The orc barely misses you.
You are too injured to fight recklessly!
You are too injured to fight recklessly!
You are too injured to fight recklessly!
You completely miss the orc. The orc hits you with a +0 whip.
You hit the orc but do no damage. You bite the orc, but do no damage.
The orc hits you with a +0 whip.
* * * LOW HITPOINT WARNING * * *
The orc hits you but does no damage.
You hit the orc but do no damage. The orc hits you with a +0 whip.
* * * LOW HITPOINT WARNING * * *
You hit the orc. Your bite misses the orc.
The orc is almost dead.
The orc hits you with a +0 whip.
You die...

#+##
##...##
##.....##
##.......##
#.........#
+.........+
#))o......#
#@).....#
##<....##
##...##
#+## ∆


You could see an orc.

Vanquished Creatures
  5 dart slugs
  3 orcs (D:3)
  3 endoplasms
  4 giant cockroaches
  3 goblins
  4 hobgoblins
  4 ball pythons
  2 bats
  6 frilled lizards
  2 rats
36 creatures vanquished.

Notes
Turn   | Place    | Note
-------+----------+-------------------------------------------
     0 | D:1      | kingsuperguy the Gnoll Wanderer began the quest for the
                  | Orb.
     0 | D:1      | kingsuperguy set off with the following items: a +1
                  | falchion, a scroll of blinking, a potion of haste, a scroll
                  | of fear, a +0 leather armour.
     0 | D:1      | Reached XP level 1. HP: 17/17 MP: 1/1
    23 | D:1      | Reached XP level 2. HP: 19/23 MP: 2/2
    56 | D:1      | Found a faded altar of an unknown god.
   425 | D:1      | Reached XP level 3. HP: 28/28 MP: 3/3
   962 | D:1      | Prayed at the altar of an unknown god.
   962 | D:1      | Became a worshipper of Ignis, the Dying Flame
  1018 | D:2      | Reached skill level 1 in Invocations
  1026 | D:2      | Identified the +7 sling "Resue" {speed, Contam *Slow Int+9
                  | SInv}
  1493 | D:3      | Reached skill level 1 in Short Blades
  1493 | D:3      | Reached skill level 1 in Axes
  1493 | D:3      | Reached skill level 1 in Maces & Flails
  1493 | D:3      | Reached skill level 1 in Polearms
  1493 | D:3      | Reached skill level 1 in Staves
  1493 | D:3      | Reached skill level 1 in Ranged Weapons
  1493 | D:3      | Reached skill level 1 in Throwing
  1493 | D:3      | Reached skill level 1 in Shields
  1493 | D:3      | Reached skill level 1 in Spellcasting
  1509 | D:3      | Slain by an orc

Illustrated notes

Levels and vault maps discovered:
D:1:      saegor_arrival_simple_a, layout_basic,
          hellmonk_ecumenical_altar_lost_god
D:2:      layout_rooms, minmay_misc_feat_tower, nicolae_elevator_lobby_asterisk
D:3:      layout_loops_corners, minitemple, minmay_puff

Skill      XL: |  1  2  3 |
---------------+----------+-----
Invocations    | 1 |  1.0
Short Blades   | 1 |  1.0
Axes           | 1 |  1.0
Maces & Flails | 1 |  1.0
Polearms       | 1 |  1.0
Staves         | 1 |  1.0
Ranged Weapons | 1 |  1.0
Throwing       | 1 |  1.0
Shields        | 1 |  1.0
Spellcasting   | 1 |  1.0
Fighting       | |  2.6
Long Blades    | |  4.6
Armour         | |  2.6
Dodging        | |  2.6
Stealth        | |  2.4
Unarmed Combat | |  6.5
Conjurations   | |  0.7
Hexes          | |  0.7
Summonings     | |  0.7
Necromancy     | |  0.7
Translocations | |  0.7
Transmutations | |  0.7
Fire Magic     | |  0.7
Ice Magic      | |  0.7
Air Magic      | |  0.7
Earth Magic    | |  0.7
Poison Magic   | |  0.7
Evocations     | |  2.6

Action                     || total
---------------------------++-------
  Melee: Falchion          ||   113
         Bite              ||    14
         Punch             ||     5
   Stab: Sleeping          ||     2
 Armour: Leather armour    ||     2
         Ring mail         ||    42
  Dodge: Dodged            ||    66
